 Dungeon Crawl Stone Soup version 0.28.0 (webtiles) character file.

Game seed: 9179858173137926307

123 browni3141 the Chopper (level 4, 0/61 HPs)
             Began as a Minotaur Berserker on Feb 17, 2022.
             Was a Believer of Trog.
             Slain by Duvessa (6 damage)
             ... on level 4 of the Dungeon.
             The game lasted 00:00:59 (2321 turns).

browni3141 the Chopper (Minotaur Berserker)         Turns: 2321, Time: 00:00:59

Health: 0/61       AC:  9    Str: 24    XL:     4   Next: 80%
Magic:  3/3        EV:  8    Int: 10    God:    Trog [**....]
Gold:   145        SH:  0    Dex:  9    Spells: 3/3 levels left

rFire   . . .      SeeInvis .   a - +0 hand axe
rCold   . . .      Faith    .   (no shield)
rNeg    . . .      Spirit   .   m - +0 chain mail
rPois   .          Reflect  .   (helmet restricted)
rElec   .          Harm     .   (no cloak)
rCorr   .          Rampage  .   (no gloves)
Will    .....                   (no boots)
Stlth   ..........              (no amulet)
HPRegen 0.20/turn               I - +6 ring of intelligence
MPRegen 0.08/turn               (no ring)

@: berserking, lethally poisoned (0 -> -13), very quick
A: horns 2, retaliatory headbutt
a: Renounce Religion, Berserk, Trog's Hand


You were on level 4 of the Dungeon.
You worshipped Trog.
Trog was pleased with you.
You visited 1 branch of the dungeon, and saw 4 of its levels.

You collected 145 gold pieces.


Innate Abilities, Weirdness & Mutations

You have a pair of horns on your head.
You reflexively headbutt those who attack you in melee.


   Skills:
 + Level 4.5 Fighting
 * Level 5.4 Axes
 + Level 3.6 Armour
 - Level 2.1 Dodging


You had 3 spell levels left.
You didn't know any spells.
Your spell library was empty.

Inventory:

Hand Weapons
 a - a +0 hand axe (weapon)
Armour
 b - a +0 animal skin
 m - a +0 chain mail (worn)
Jewellery
 I - a +6 ring of intelligence (left hand)
Scrolls
 d - a scroll of fear {unknown}
 f - 3 scrolls of identify {unknown}
 g - a scroll of noise {unknown}
 h - 2 scrolls of teleportation {unknown}
 i - a scroll of amnesia {unknown}
Potions
 c - 3 potions of curing {unknown}
 e - a potion of heal wounds {unknown}
 j - a potion of haste {unknown}
 k - a potion of berserk rage {unknown}
 l - a potion of magic {unknown}

Dungeon Overview and Level Annotations

Branches:
Dungeon (4/15)
 Temple: D:4-7

Altars:

Annotations:
D:4 Dowan, Duvessa

#....#...........#
#....#......#>##....)...
#........##...# ###....
#....###.###..#### ...$.
#..### #.#.......# .....
..## #.#.#####.#.....
### #...# ##.#..#
#####..####.....#
###........)..@#
##...###..#####e#
##..### #### .... ...##
## e...... .####...
...#..### .##...# .###
... ....# .. ###. .####
## .. ##


You could see Duvessa and Dowan.


Message History

You hit the kobold but do no damage. You headbutt the kobold.
You kill the kobold!
Trog accepts your kill.
No target in view!
You see here a +0 dagger.
No target in view!
Duvessa, Sister of Dowan comes into view.
She is wielding a +1 short sword of venom.
Found 13 gold pieces.
Duvessa hits you with a +1 short sword of venom.
* * * LOW HITPOINT WARNING * * *
You are poisoned.
You feel sick.
Dowan, Brother of Duvessa comes into view.
He is wielding a +0 dagger and wearing a +2 robe of cold resistance.
Duvessa hits you with a +1 short sword of venom.
* * * LOW HITPOINT WARNING * * *
You are too injured to fight recklessly!
There are monsters nearby!
There are monsters nearby!
There are monsters nearby!
You are too injured to fight recklessly!
A red film seems to cover your vision as you go berserk!
You feel yourself moving faster!
You feel mighty!
You feel sick.
Duvessa hits you with a +1 short sword of venom!
* * * LOW HITPOINT WARNING * * *
You are lethally poisoned!
You barely miss Duvessa.
* * * LOW HITPOINT WARNING * * *
You feel very sick.
Duvessa hits you with a +1 short sword of venom.
You die...

Skill      XL: |  1  2  3 |
---------------+----------+-----
Axes           | 4 5 |  5.4
Fighting       | 4 |  4.5
Armour         | 3 |  3.6
Dodging        | |  2.1

Action                   |  1- 3 |  4- 6 || total
-------------------------+-------+-------++-------
Melee: Hand axe          |    95 |     5 ||   100
       Headbutt          |    11 |     1 ||    12
       Punch             |     2 |       ||     2
Invok: Berserk           |     2 |     1 ||     3
 Stab: Sleeping          |     1 |       ||     1
Armor: Animal skin       |    21 |       ||    21
       Chain mail        |       |     2 ||     2
Dodge: Dodged            |    77 |     2 ||    79

Levels and vault maps discovered:
D:1:      arrival_zaba_pyramid, layout_basic,
          ebering_ecumenical_altar_sacrificial, st_stairs_9
D:2:      layout_rooms
D:3:      layout_rooms
D:4:      layout_rooms, uniq_duvessa

Notes
Turn   | Place    | Note
-------+----------+-------------------------------------------
     0 | D:1      | browni3141 the Minotaur Berserker began the quest for the
                  | Orb.
     0 | D:1      | Reached XP level 1. HP: 19/19 MP: 0/0
    27 | D:1      | HP: 2/20 [frilled lizard (1)]
   360 | D:1      | Reached skill level 4 in Axes
   360 | D:1      | Reached XP level 2. HP: 17/27 MP: 1/1
   928 | D:1      | Found a faded altar of an unknown god.
   953 | D:1      | Reached skill level 4 in Fighting
  1134 | D:2      | Reached skill level 3 in Armour
  1134 | D:2      | Reached XP level 3. HP: 33/33 MP: 2/2
  1382 | D:2      | Reached ** piety under Trog
  2274 | D:4      | Reached skill level 5 in Axes
  2274 | D:4      | Reached XP level 4. HP: 14/41 MP: 3/3
  2317 | D:4      | Noticed Duvessa
  2319 | D:4      | Noticed Dowan
  2321 | D:4      | HP: 6/61 [poisoned by Duvessa]
  2321 | D:4      | Slain by Duvessa

Vanquished Creatures
  A hound (D:4)
  A centaur skeleton (D:4)
  2 adders
  A dart slug (D:1)
  3 ball pythons
  5 endoplasms
  3 giant cockroaches
  A goblin (D:3)
  5 hobgoblins
  3 jackals (D:1)
  2 quokkas
  7 bats
  2 frilled lizards (D:1)
  8 kobolds
  A rat (D:2)
45 creatures vanquished.

Table legend: (Time is in decaauts)
 A = Elapsed time spent in this place.
 B = Non-inter-level travel time spent in this place.
 C = Inter-level travel time spent in this place.
 D = Time resting spent in this place.
 E = Time spent auto-exploring this place.
 F = Levels seen in this place.
 G = Mean time per level.
                   A        B        C        D        E       F      G
               +--------+--------+--------+--------+--------+-----+--------+
         Total |   2344 |   2263 |     81 |     11 |   1925 |   4 |  586.0 |
       Dungeon |   2344 |   2263 |     81 |     11 |   1925 |   4 |  586.0 |
               +--------+--------+--------+--------+--------+-----+--------+

Top non-repeatable levels by time:
     D:1: 1135 daAuts
     D:2: 706 daAuts
     D:3: 349 daAuts
     D:4: 152 daAuts

Table legend:
 A = Non-vault XP
 B = Vault XP
 C = Vault XP percentage of total XP
 D = Non-vault monster count
 E = Vault monster count
 F = Vault count percentage of total count
                 A         B        C        D         E       F
            +---------+---------+-------+---------+---------+-------
      Total |     174 |       3 |   1.7 |      43 |       2 |   4.4
            +---------+---------+-------+---------+---------+-------
        D:1 |      31 |       3 |   8.8 |      18 |       2 |  10.0
        D:2 |      21 |       0 |   0.0 |      13 |       0 |   0.0
        D:3 |      25 |       0 |   0.0 |       7 |       0 |   0.0
        D:4 |      97 |       0 |   0.0 |       5 |       0 |   0.0
            +---------+---------+-------+---------+---------+-------
